 Dungeon Crawl Stone Soup version 0.27-a0-1301-g128193abf8 (webtiles) character file.

Game seed: 14331986632444104314

99510 27snakeeyes612 the Severer (level 15, 0/143 HPs)
             Began as a Minotaur Berserker on June 17, 2021.
             Was a High Priest of Trog.
             Killed from afar by a lich (36 damage)
             ... with a bolt of cold
             ... on level 15 of the Dungeon.
             The game lasted 00:21:06 (26719 turns).

27snakeeyes612 the Severer (Minotaur Berserker)    Turns: 26719, Time: 00:21:06

Health: 0/143      AC: 31    Str: 34    XL:     15   Next: 77%
Magic:  14/14      EV: 12    Int:  4    God:    Trog [*****.]
Gold:   1538       SH: 13    Dex: 10    Spells: 14/14 levels left

rFire    . . .     SeeInvis .   c - +2 broad axe
rCold    . . .     Faith    .   Q - +0 kite shield
rNeg     . . .     Spirit   .   v - +1 plate armour
rPois    .         Reflect  .   y - +2 hat
rElec    .         Harm     .   W - +1 cloak
rCorr    .         Rampage  ∞   D - +2 pair of gloves
Will     ++...                  a - +3 pair of seven-league boots {Rampage+∞}
Stlth    ..........             P - amulet of regeneration
HPRegen  1.33/turn              K - ring of willpower
MPRegen  0.14/turn              O - +6 ring of strength

@: studying Crossbows
A: horns 2, retaliatory headbutt
a: Renounce Religion, Berserk, Trog's Hand, Brothers in Arms


You were on level 15 of the Dungeon.
You worshipped Trog.
Trog was extremely pleased with you.
You visited 2 branches of the dungeon, and saw 21 of its levels.
You also visited: Sewer.

You collected 1933 gold pieces.
You spent 395 gold pieces at shops.

Inventory:

Hand Weapons
 c - a +2 broad axe (weapon)
 h - a +0 morningstar
Missiles
 s - a throwing net
 C - 3 atropa-tipped darts
 S - 3 boomerangs of dispersal
 U - 7 curare-tipped darts
Armour
 a - the +3 pair of seven-league boots (worn) {Rampage+∞}
   (You acquired it on level 3 of the Lair of Beasts)
 v - a +1 plate armour (worn)
 y - a +2 hat (worn)
 D - a +2 pair of gloves (worn)
 Q - a +0 kite shield (worn)
 W - a +1 cloak (worn)
Jewellery
 I - a ring of positive energy
 K - a ring of willpower (left hand)
 L - a ring of fire
 M - a ring of ice
 N - a ring of ice
 O - a +6 ring of strength (right hand)
 P - an amulet of regeneration (around neck)
 R - a +6 ring of intelligence
 Y - a ring of positive energy
Wands
 j - a wand of iceblast (20)
 k - a wand of charming (5)
 u - a wand of paralysis (15)
 A - a wand of digging (19)
 G - a wand of flame (94)
 V - a wand of acid (5)
Scrolls
 b - a scroll of holy word {unknown}
 d - 11 scrolls of teleportation
 e - 2 scrolls of fear
 f - 3 scrolls of magic mapping
 i - 2 scrolls of enchant armour
 l - a scroll of fog
 r - a scroll of blinking
 T - 6 scrolls of identify
Potions
 g - 2 potions of cancellation
 m - 14 potions of curing
 n - 2 potions of might
 o - a potion of magic
 p - 7 potions of haste
 q - 3 potions of heal wounds
 t - 3 potions of berserk rage
 w - a potion of invisibility
 x - 6 potions of lignification
 z - 6 potions of flight
 B - 7 potions of mutation
 E - a potion of resistance
 F - 3 potions of brilliance
 H - 2 potions of degeneration
 J - 2 potions of ambrosia
 X - a potion of attraction {unknown}


   Skills:
 + Level 15.9 Fighting
 + Level 15.9 Axes
 + Level 15.7 Armour
 + Level 14.5 Dodging
 + Level 11.3 Shields


You had 14 spell levels left.
You didn't know any spells.
Your spell library was empty.

Dungeon Overview and Level Annotations

Branches:
Dungeon (15/15)            Temple (0/1) D:7            Lair (6/6) D:11
 Shoals (0/4) Lair:2        Snake (0/4) Lair:2        Slime (0/5) Lair:6
    Orc (0/2) D:10         Vaults (0/5) D:14         Depths (0/5) D:15
  Sewer (visited)

Altars:
Ashenzari
Dithmenos
Hepliaklqana
Kikubaaqudgha
Okawaru
Qazlal
Yredelemnul
Zin
The Shining One
Beogh
Jiyva

Shops:
D:1 *   D:7 *   D:14 [

Annotations:
D:4 1 runed translucent door, Glokmah's ghost, amateur GnFE
D:10 4 runed translucent doors, EiAlmux's ghost, novice DECj
D:15 Gokulugg's ghost, journeyman DgFi; Koeca's ghost, adept FoFi
Lair:4 exclusion: 2 oklob plants


Innate Abilities, Weirdness & Mutations

You have a pair of horns on your head.
You reflexively headbutt those who attack you in melee.


Message History

Your iron troll claws something but does no damage.
Your troll goes berserk!
You feel the effects of Trog's Hand fading.
Gokulugg's ghost barely misses your iron troll.
The lich casts a spell.
The lich seems to speed up.
You block something's attack. Koeca's ghost hits you!
Your iron troll bites something!
Your iron troll claws something!
Your iron troll claws something!!
You barely miss the lich. Your headbutt misses the lich.
The lich is heavily damaged.
You closely miss something. You hit Koeca's ghost but do no damage.
You block the lich's attack. Gokulugg's ghost hits your iron troll.
Your troll bites the lich!!
Your troll completely misses the lich.
Your troll claws the lich.
Something conjures a glowing orb.
The wavering orb of destruction weakly hits you!!!
* * * LOW HITPOINT WARNING * * *
Blink to where?
Press: ? - help, Dir - move target
As you read the scroll of blinking, it crumbles to dust.
Your stone giant hits Koeca's ghost but does no damage.
The lich touches your stone giant. Koeca's ghost hits your stone giant!
Your troll closely misses the lich.
Your troll claws the lich!!
The lich is destroyed!
Trog accepts your kill.
Trog appreciates your killing of a magic user.
Your stone giant hits Koeca's ghost!!!
Your life force feels restored.
Something hits your stone giant!
Something touches your stone giant but does no damage.
Your skin stops crawling.
You feel less strong-willed.
You hear a shout!
You start resting.
You hear a shout!
You hear some strange, mumbled words.
A bolt of cold appears from out of thin air!
The bolt of cold hits your troll!!!
The bolt of cold hits your stone giant!!!
The bolt of cold hits you!!!
You die...

#..# #..# #..# #
#..# #..# #..# #
#..# #..# #..# #
#..# #..# #..# #
#..####..###..# #
#.............# #
#^.###........###
######..#
#..#####....
#.{TC@..# #..#
#.##. #T####..#
#..# #.##. #.##
##[# #..# #.##.
#..##$#.# #..#
#.##. #C.#..###
#..# #.##.
#T{#W!=# #..#
#.##. #.W'.⌠###
#..# #.##.
#..T._![# #..#
#.##. ##.'.⌠###
#..# #.##.


You could see a friendly iron troll (summoned, berserk), a friendly stone giant
(summoned, berserk) and a friendly troll (summoned, berserk).

Vanquished Creatures
  Rupert (D:14)
  A lich (D:15)
  Gastronok (D:11)
  A fire giant (D:15)
  Nessos (Lair:4)
  Azrael (D:12)
  A fire dragon (Lair:4)
  2 slime creatures (D:12)
  Fannar (D:11)
  3 boulder beetles
  A rakshasa (D:13)
  An ice dragon (Lair:6)
  2 ogre magi (D:13)
  11 hydras
  3 centaur warriors
  A catoblepas (Lair:6)
  2 dancing weapons (D:14)
  14 death yaks
  2 two-headed ogres
  A wizard (D:15)
  2 lindwurms (Lair:6)
  A wolf spider (D:15)
  A deep elf pyromancer (D:12)
  3 oklob plants
  3 cyclopes
  2 ugly things (D:12)
  19 elephants
  2 manticores
  3 black mambas
  Maurice (D:11)
  14 cane toads
  3 gargoyles
  3 rime drakes
  7 torpor snails
  A kobold demonologist (D:13)
  10 komodo dragons
  5 trolls
  14 polar bears
  8 hornets
  Grinder (D:4)
  3 tyrant leeches (Lair:6)
  21 blink frogs
  2 raiju (Lair:6)
  A raiju (shapeshifter) (D:14)
  7 dream sheep (Lair:6)
  A vampire (D:12)
  A wraith (D:13)
  2 shadows
  A centaur simulacrum (D:15)
  32 yaks
  3 wyverns
  4 basilisks
  A water elemental (D:15)
  3 fire elementals (D:12)
  7 vampire mosquitoes
  A human (shapeshifter) (D:15)
  3 steam dragons
  A golden eye (shapeshifter) (D:13)
  4 wargs (Lair:6)
  Edmund (D:4)
  18 hell hounds
  4 nagas (Lair:2)
  2 acid dragons
  7 orc warriors
  18 water moccasins
  Duvessa (D:4)
  An ice beast (D:6)
  9 ogres
  A sky beast (D:6)
  A necrophage (D:7)
  13 black bears
  18 wolves
  14 centaurs
  A phantom (D:3)
  2 kobold brigands
  11 bullfrogs
  4 scorpions
  2 water moccasin zombies (D:6)
  Dowan (D:4)
  A water moccasin skeleton (D:7)
  7 killer bees
  15 wights
  6 electric eels
  3 centaur zombies
  A bullfrog zombie (D:6)
  2 gnoll shamans
  4 hounds
  18 orc priests
  2 jellies
  6 iguanas
  11 orc wizards
  5 hell rats (Lair:6)
  2 killer bee zombies (D:6)
  A hound skeleton (D:4)
  A howler monkey skeleton (D:6)
  12 gnolls
  14 adders
  5 river rats
  2 white imps
  2 ufetubi (D:5)
  An adder skeleton (D:5)
  5 dart slugs
  69 orcs
  19 ball pythons
  2 bats (D:3)
  7 endoplasms
  5 giant cockroaches
  10 goblins
  7 hobgoblins
  6 jackals
  13 kobolds
  4 quokkas
  8 frilled lizards
  25 rats
  A butterfly (Lair:5)
683 creatures vanquished.

Vanquished Creatures (collateral kills)
  A lich (D:15)
  A hydra (Lair:5)
  Sonja (Lair:3)
  A gnoll shaman (D:4)
  3 gnolls (D:4)
7 creatures vanquished.

Vanquished Creatures (others)
  An ogre mage (D:13)
  27 fungi
  60 plants
88 creatures vanquished.

Grand Total: 778 creatures vanquished

Notes
Turn   | Place    | Note
-------+----------+-------------------------------------------
     0 | D:1      | 27snakeeyes612 the Minotaur Berserker began the quest for
                  | the Orb.
     0 | D:1      | Reached XP level 1. HP: 19/19 MP: 0/0
   468 | D:1      | Reached XP level 2. HP: 19/27 MP: 1/1
   899 | D:1      | Found Finika Viho's General Store.
  1054 | D:2      | Reached ** piety under Trog
  1055 | D:2      | Reached XP level 3. HP: 28/33 MP: 2/2
  1324 | D:2      | Reached XP level 4. HP: 21/41 MP: 3/3
  1928 | D:3      | Found a stormy altar of Qazlal.
  2007 | D:3      | Reached *** piety under Trog
  2048 | D:3      | Found a faded altar of an unknown god.
  2098 | D:3      | Found a glowing drain.
  2110 | D:3      | Reached XP level 5. HP: 38/47 MP: 4/4
  2117 | Sewer    | Entered a sewer
  2616 | Sewer    | Reached skill level 5 in Fighting
  2616 | Sewer    | Reached skill level 5 in Axes
  2624 | Sewer    | Reached **** piety under Trog
  3116 | Sewer    | Reached XP level 6. HP: 13/56 MP: 5/5
  3934 | D:3      | Reached XP level 7. HP: 55/62 MP: 6/6
  4090 | D:4      | Found a runed translucent door.
  4091 | D:4      | Noticed Glokmah's ghost (amateur GnFE)
  4241 | D:4      | Reached skill level 5 in Armour
  4267 | D:4      | Noticed Dowan
  4268 | D:4      | Noticed Duvessa
  4286 | D:4      | Killed Dowan
  4294 | D:4      | Killed Duvessa
  4467 | D:4      | Reached skill level 5 in Dodging
  4841 | D:4      | Noticed Edmund
  4853 | D:4      | Killed Edmund
  4854 | D:4      | Reached XP level 8. HP: 50/71 MP: 7/7
  5079 | D:4      | Noticed Grinder
  5091 | D:4      | Paralysed by Grinder for 6 turns
  5115 | D:4      | Killed Grinder
  5838 | D:4      | Found an iron altar of Okawaru.
  6009 | D:5      | Entered Level 5 of the Dungeon
  6551 | D:5      | Found a hazy altar of Hepliaklqana.
  6551 | D:5      | Found a shadowy altar of Dithmenos.
  7108 | D:6      | Reached XP level 9. HP: 77/81 MP: 8/8
  7244 | D:6      | Found a broken altar of Ashenzari.
  7373 | D:6      | Reached ***** piety under Trog
  7459 | D:6      | Noticed a troll
  7470 | D:6      | Killed a troll
  8987 | D:7      | Reached XP level 10. HP: 49/90 MP: 9/9
  9146 | D:7      | Found Zin's Purification Station.
  9150 | D:7      | Found a glowing silver altar of Zin.
  9370 | D:7      | Found a staircase to the Ecumenical Temple.
 10260 | D:8      | Noticed a two-headed ogre
 10269 | D:8      | Killed a two-headed ogre
 10270 | D:8      | Reached skill level 10 in Axes
 10699 | D:7      | Reached skill level 10 in Fighting
 11332 | D:9      | Received a gift from Trog
 11893 | D:9      | Reached skill level 10 in Armour
 12235 | D:10     | Entered Level 10 of the Dungeon
 12724 | D:10     | Found an ancient bone altar of Kikubaaqudgha.
 12745 | D:10     | Found a runed translucent door.
 12749 | D:10     | Found a basalt altar of Yredelemnul.
 12964 | D:10     | Found a staircase to the Orcish Mines.
 13228 | D:10     | Found a runed translucent gate.
 13230 | D:10     | Found a runed translucent gate.
 13231 | D:10     | Found a runed translucent gate.
 13234 | D:10     | Noticed EiAlmux's ghost (novice DECj)
 13419 | D:11     | Noticed a gargoyle
 13426 | D:11     | Killed a gargoyle
 13427 | D:11     | Reached XP level 11. HP: 90/101 MP: 10/10
 13648 | D:11     | Noticed Maurice
 13694 | D:11     | Killed Maurice
 13922 | D:11     | Noticed Fannar
 13935 | D:11     | Killed Fannar
 14012 | D:11     | Reached skill level 10 in Dodging
 14612 | D:11     | Noticed a two-headed ogre
 14617 | D:11     | Killed a two-headed ogre
 14977 | D:11     | Noticed an oklob plant
 15154 | D:11     | Noticed Gastronok
 15166 | D:11     | Killed Gastronok
 15286 | D:11     | Found a staircase to the Lair.
 15483 | D:12     | Noticed a five-headed hydra
 15483 | D:12     | You fall into a shaft and drop 2 floors!
 15483 | D:14     | Found a gate to the Vaults.
 15484 | D:14     | Noticed a +7 long sword
 15484 | D:14     | Noticed Rupert
 15701 | D:13     | Noticed a boulder beetle
 15712 | D:13     | Received a gift from Trog
 15721 | D:13     | Killed a boulder beetle
 15722 | D:13     | Reached XP level 12. HP: 29/112 MP: 11/11
 15953 | D:13     | You fall into a shaft and drop 2 floors!
 15953 | D:15     | Entered Level 15 of the Dungeon
 16294 | D:15     | Noticed a centaur warrior
 16304 | D:15     | Killed a centaur warrior
 16459 | D:14     | Found Lejum's Antique Armour Shoppe.
 16465 | D:14     | Bought a kite shield for 148 gold pieces
 16465 | D:14     | Bought a pair of embroidered boots for 247 gold pieces
 16513 | D:14     | Noticed an eight-headed hydra
 16520 | D:14     | Killed an eight-headed hydra
 16521 | D:14     | Reached skill level 1 in Shields
 16586 | D:13     | Noticed a rakshasa
 16600 | D:13     | Killed a rakshasa
 16726 | D:13     | Noticed an ogre mage
 16727 | D:13     | Noticed an ogre mage
 16732 | D:13     | Noticed an ogre mage
 16732 | D:13     | Paralysed by something for 7 turns
 16747 | D:13     | Killed an ogre mage
 16753 | D:13     | Killed an ogre mage
 16753 | D:13     | Killed an ogre mage
 16765 | D:14     | Noticed a centaur warrior
 17202 | D:12     | Noticed a boulder beetle
 17210 | D:12     | Killed a boulder beetle
 17427 | D:12     | Noticed Azrael
 17445 | D:12     | Killed Azrael
 17705 | D:12     | Reached skill level 5 in Shields
 17754 | D:12     | Killed a five-headed hydra
 17755 | D:12     | Reached XP level 13. HP: 122/122 MP: 12/12
 18032 | Lair:1   | Entered Level 1 of the Lair of Beasts
 19154 | Lair:2   | Found a staircase to the Snake Pit.
 19432 | Lair:2   | Found a staircase to the Shoals.
 19449 | Lair:2   | Received a gift from Trog
 19967 | Lair:3   | Noticed Sonja
 19982 | Lair:3   | HP: 4/123 [Sonja (5)]
 19984 | Lair:3   | Killed Sonja
 20330 | Lair:3   | Reached XP level 14. HP: 129/132 MP: 13/13
 20561 | Lair:3   | Found a glowing golden altar of the Shining One.
 20905 | Lair:3   | Identified a scroll of acquirement
 20905 | Lair:3   | Acquired the +3 pair of seven-league boots {Rampage+∞}
 20906 | Lair:3   | Found the +3 pair of seven-league boots {Rampage+∞}
 21115 | Lair:4   | You fall into a shaft and drop 1 floor!
 22118 | Lair:6   | Entered Level 6 of the Lair of Beasts
 22358 | Lair:6   | Reached skill level 15 in Fighting
 22361 | Lair:6   | Reached skill level 15 in Axes
 22504 | Lair:6   | Reached ****** piety under Trog
 22724 | Lair:6   | Found a viscous altar of Jiyva.
 22725 | Lair:6   | Found a staircase to the Slime Pits.
 22740 | Lair:6   | Reached skill level 10 in Shields
 22758 | Lair:6   | Reached XP level 15. HP: 134/141 MP: 14/14
 22836 | Lair:6   | Reached skill level 15 in Armour
 23289 | Lair:6   | Found a runed translucent door.
 23954 | Lair:4   | Noticed Nessos
 23965 | Lair:4   | Killed Nessos
 24188 | Lair:4   | Received a gift from Trog
 24455 | Lair:4   | Identified the +11 short sword of Blood-Lust {distort, rF+
                  | rCorr Int+4}
 24751 | Lair:4   | Identified the +9 halberd "Totzamiu" {protect, Str+4}
 25210 | D:14     | Killed Rupert
 26106 | D:15     | Found a staircase to the Depths.
 26106 | D:15     | Noticed a fire giant
 26198 | D:15     | Killed a fire giant
 26580 | D:15     | Found a runed translucent gate.
 26580 | D:15     | Found a runed translucent gate.
 26581 | D:15     | Found an ancient bone altar of Kikubaaqudgha.
 26581 | D:15     | Found a runed translucent gate.
 26582 | D:15     | Noticed Gokulugg's ghost (journeyman DgFi)
 26582 | D:15     | Noticed Koeca's ghost (adept FoFi)
 26582 | D:15     | Noticed a lich
 26583 | D:15     | Noticed a lich
 26583 | D:15     | Noticed a lich
 26697 | D:15     | Killed a lich
 26712 | D:15     | Killed a lich
 26719 | D:15     | Killed from afar by a lich

Illustrated notes

Levels and vault maps discovered:
D:1:      psy_arrival_wood_between_worlds, layout_basic, serial_shops, shop
D:2:      layout_rooms
D:3:      layout_loops_ring, lemuel_crystal_altar,
          hellmonk_ecumenical_altar_crossroads, portal_sewer_entry_a,
          hangedman_decor_points, kennysheep_potato
D:4:      layout_gridville, okawaru_metal_pillars_1_2,
          hellmonk_ghost_happy_afterlife, grunt_decor_resistance, uniq_grinder,
          uniq_edmund, uniq_duvessa
D:5:      layout_rooms, riverfiend_overflow_shadow_ancestor
D:6:      minmay_opposing_rooms, layout_basic, lemuel_coloured_pillars_altar,
          minmay_misc_feat_more_columns
D:7:      layout_gridville, zin_purify, minmay_temple_entry_statues_pillars
D:8:      layout_rooms, minmay_misc_feat_tower
D:9:      layout_cave_pools
D:10:     layout_roguey, old_standard_altar, dk_yredelemnul_ordeal, david_orc_5,
          gammafunk_ghost_spectres
D:11:     layout_loops_ring, dpeg_oklobed_lair, special_room [special_room_orc],
          uniq_maurice, uniq_fannar, uniq_gastronok
D:12:     layout_small_grid, uniq_azrael
D:13:     layout_basic, minmay_guarded_unrand_prune
D:14:     layout_layer_cave, erik_vaults_1, enter_bailey_5,
          infiniplex_staircase_hallway_doors, serial_shops,
          nicolae_stop_n_shop_1, small_statue_intersection, uniq_rupert
D:15:     grunt_enter_depths_giant_problem, layout_long_grid,
          grunt_decor_fettered, gammafunk_ghost_crypt, nicolae_water_bricks
Lair:1:   layout_cave_pods, lemuel_fruit_tree
Lair:2:   layout_regular_city, elwin_shoals_entry_rocks,
          guppyfry_snake_entry_garden, grunt_megastairs_3
Lair:3:   layout_hall_layers, basic_altar, minmay_lair_oklob_chamber,
          lemuel_fruit_fields, uniq_sonja
Lair:4:   dragon1_lemuel, layout_regular_city, dpeg_oklob_1, uniq_nessos
Lair:5:   layout_cave_pods, serial_bayou_shore_a, grunt_megastairs_5,
          infiniplex_staircase_pool_2, serial_bayou_shore_b
Lair:6:   wormcave, layout_hall_layers, hangedman_lair_caniforms_friends,
          slime_altar_1

Skill      XL: |  1  2  3  4  5  6  7  8  9 10 11 12 13 14 15 |
---------------+----------------------------------------------+-----
Fighting       | 4 5 6 7 9 10 12 13 14 15 | 15.9
Axes           | 4 5 6 8 9 10 12 13 14 15 | 15.9
Armour         | 3 4 5 7 9 10 11 12 13 14 15 | 15.7
Dodging        | 3 4 5 6 8 9 10 12 13 14 | 14.5
Shields        | 5 7 10 11 | 11.3

Action                   |  1- 3 |  4- 6 |  7- 9 | 10-12 | 13-15 || total
-------------------------+-------+-------+-------+-------+-------++-------
Melee: Hand axe          |    61 |   167 |   367 |   140 |       ||   735
       Headbutt          |    14 |    18 |    88 |   140 |   260 ||   520
       War axe           |       |       |       |   401 |   139 ||   540
       Morningstar       |       |       |       |    11 |    39 ||    50
       Broad axe         |       |       |       |       |   747 ||   747
Invok: Berserk           |     1 |     2 |     8 |     8 |     4 ||    23
       Trog's Hand       |       |       |     2 |     5 |     3 ||    10
       Brothers in Arms  |       |       |     1 |       |     8 ||     9
  Use: Scroll            |       |       |       |    19 |    15 ||    34
       Potion            |       |       |       |     1 |     3 ||     4
 Stab: Petrified         |       |       |       |       |     3 ||     3
Armor: Ring mail         |    16 |    83 |     5 |       |       ||   104
       Plate armour      |       |       |   234 |   434 |   681 ||  1349
Dodge: Dodged            |    52 |   127 |   151 |   269 |   491 ||  1090
Block: Kite shield       |       |       |       |    79 |   674 ||   753

Table legend: (Time is in decaauts)
 A = Elapsed time spent in this place.
 B = Non-inter-level travel time spent in this place.
 C = Inter-level travel time spent in this place.
 D = Time resting spent in this place.
 E = Time spent auto-exploring this place.
 F = Levels seen in this place.
 G = Mean time per level.
                   A        B        C        D        E       F      G
               +--------+--------+--------+--------+--------+-----+--------+
         Total |  26952 |  25990 |    962 |   2504 |  19746 |  22 | 1225.1 |
       Dungeon |  18577 |  17919 |    658 |   1828 |  13828 |  15 | 1238.5 |
          Lair |   6909 |   6605 |    304 |    497 |   4786 |   6 | 1151.5 |
         Sewer |   1464 |   1464 |      0 |    179 |   1132 |   1 | 1464.0 |
               +--------+--------+--------+--------+--------+-----+--------+

Top non-repeatable levels by time:
    D:11: 2199 daAuts
     D:4: 2000 daAuts
     D:6: 1586 daAuts
     D:7: 1575 daAuts
  Lair:6: 1526 daAuts
   Sewer: 1464 daAuts
    D:15: 1290 daAuts
     D:8: 1227 daAuts
  Lair:3: 1191 daAuts
  Lair:4: 1151 daAuts
    D:10: 1096 daAuts
    D:12: 1083 daAuts
    D:14: 1079 daAuts
  Lair:1: 1062 daAuts
  Lair:5: 1043 daAuts
